 Dungeon Crawl Stone Soup version 0.21-a0-1-gaf3b9a5 (webtiles) character file.

29 turnburgler the Vexing (level 3, -1/28 HPs)
             Began as a Hill Orc Enchanter on May 20, 2017.
             Was a Follower of Vehumet.
             Slain by an adder (4 damage)
             ... on level 2 of the Dungeon.
             The game lasted 00:07:47 (1560 turns).

turnburgler the Vexing (Hill Orc Enchanter)         Turns: 1560, Time: 00:07:47

Health: -1/28      AC:  2    Str: 10    XL:     3   Next: 16%
Magic:  5/5        EV: 12    Int: 15    God:    Vehumet [*.....]
Gold:   36         SH:  0    Dex: 12    Spells: 4/5 levels left

rFire    . . .     SeeInvis .   a - +1 dagger
rCold    . . .     Gourm    .   (no shield)
rNeg     . . .     Faith    .   b - +0 robe
rPois    .         Spirit   .   (no helmet)
rElec    .         Reflect  .   (no cloak)
rCorr    .         Harm     .   (no gloves)
MR       .....                  (no boots)
Stlth    ++........             (no amulet)
Regen    0.1/turn               (no ring)
MPRegen  0.1/turn               (no ring)

@: lethally poisoned (-1 -> -12)
A: no striking features
a: Renounce Religion


You were on level 2 of the Dungeon.
You worshipped Vehumet.
Vehumet was aware of your devotion.
You were very hungry.

You visited 1 branch of the dungeon, and saw 2 of its levels.

You collected 36 gold pieces.

Inventory:

Hand Weapons
 a - a +1 dagger (weapon)
 g - a +0 dagger
Missiles
 j - 48 stones
 k - 11 poisoned needles
 o - a javelin (quivered)
Armour
 b - a +0 robe (worn)
 i - a +0 leather armour
Scrolls
 l - a scroll of fog {unknown}
 n - a scroll of fear {unknown}
 q - a scroll of identify {unknown}
Books
 c - a book of Maledictions

   Spells                             Type                      Level
   a - Corona                         Hexes                        1
   b - Ensorcelled Hibernation        Hexes/Ice                    2
   c - Confuse                        Hexes                        3
   d - Tukima's Dance                 Hexes                        3
   e - Dazzling Spray                 Conjuration/Hexes            3
Comestibles
 d - 2 bread rations
 m - 2 fruits


   Skills:
 + Level 1.2 Fighting
 - Level 1.0 Short Blades
 * Level 1.2 Armour
 + Level 2.0 Dodging
 - Level 2.4 Stealth
 * Level 1.9 Spellcasting
 - Level 3.0 Hexes


You had 4 spell levels left.
You knew the following spells:

 Your Spells              Type           Power        Failure   Level  Hunger
a - Corona                Hex            ##.....      6%          1    ##.....


Dungeon Overview and Level Annotations

Branches:
Dungeon (2/15)

Altars:
Vehumet


Message History

You hit the adder.
The adder is heavily wounded.
You feel sick.
The adder stops glowing.
The adder bites you.
You closely miss the adder.
The adder is heavily wounded.
You feel sick. The adder bites you.
* * * LOW HITPOINT WARNING * * *
You hit the adder.
The adder is almost dead.
* * * LOW HITPOINT WARNING * * *
You feel sick. The adder barely misses you.
You barely miss the adder.
The adder is almost dead.
* * * LOW HITPOINT WARNING * * *
You feel sick. The adder barely misses you. x2
You barely miss the adder.
The adder is almost dead.
* * * LOW HITPOINT WARNING * * *
You feel sick. The adder bites you.
You die...

##.......รท........
#.#...###.#####..##
##.#..###.#.......
##..............#
###.###.#.###.. #.#
#....# #.# ###..#
#.#####..##(#.#
#.......@((.(.#
#######.S####...
#..# #..# #...
##.## #.# #(.


You could see an adder.

Vanquished Creatures
  An adder (D:2)
  A dart slug (D:2)
  A giant cockroach (D:2)
  2 hobgoblins (D:2)
  2 kobolds
  4 bats
  A frilled lizard (D:1)
  5 goblins
  2 rats (D:1)
19 creatures vanquished.

Notes
Turn   | Place    | Note
-------+----------+-------------------------------------------
     0 | D:1      | turnburgler the Hill Orc Enchanter began the quest for the Orb.
     0 | D:1      | Reached XP level 1. HP: 14/14 MP: 3/3
   798 | D:1      | Reached XP level 2. HP: 20/22 MP: 4/4
  1101 | D:2      | Found a faded altar of an unknown god.
  1118 | D:2      | Became a worshipper of Vehumet
  1118 | D:2      | Reached * piety under Vehumet
  1118 | D:2      | Offered knowledge of Sting by Vehumet.
  1294 | D:2      | Reached skill level 1 in Fighting
  1294 | D:2      | Reached skill level 1 in Armour
  1294 | D:2      | Reached XP level 3. HP: 6/28 MP: 5/5
  1560 | D:2      | Slain by an adder

Vault maps used:
D:1:      evilmike_arrival_come_back
D:2:      nemelex_xobeh_ov_fountains_minmay, first_bread,
          chequers_ecumenical_altar_simple_redux, minmay_tetromino_s2,
          uniq_jessica

Skill      XL: |  1  2  3 |
---------------+----------+-----
Fighting       | 1 |  1.2
Armour         | 1 |  1.2
Dodging        | 2 |  2.0
Short Blades   | |  1.0
Stealth        | |  2.4
Spellcasting   | |  1.9
Hexes          | |  3.0

Action                   || total
-------------------------++-------
Melee: Dagger            ||    72
Throw: Javelin           ||    12
 Cast: Corona            ||     6
  Use: Potion            ||     1
 Stab: Sleeping          ||     1
  Eat: Chunk             ||     1
Armor: Leather armour    ||    10
       Robe              ||     8
Dodge: Dodged            ||    43
